[Event "RUS-ch Blitz Women 2018"]
[Site "Sochi"]
[Date "2018.10.07"]
[Round "4"]
[White "Ivanova, Karina"]
[Black "Maltsevskaya, Aleksandra"]
[Result "1-0"]
[ECO "A05"]
[WhiteElo "2124"]
[BlackElo "2290"]
[Annotator "NA"]
[PlyCount "131"]
[EventDate "2018.10.07"]
[EventType "swiss"]
[EventCountry "RUS"]
[SourceTitle "playchess.com"]
[Source "ChessBase"]
[SourceQuality "1"]
[TimeControl "180+2"]

1. Nf3 Nf6 2. g3 g6 3. Bg2 Bg7 4. O-O O-O 5. c4 d6 6. Nc3 e5 7. d3 Ne8 8. Rb1 a5 9. a3 f5 10. Qc2 Nc6 11. b4 axb4 12. axb4 Ne7 13. b5 Rb8 14. Nd5 Nxd5 15. cxd5 Nf6 16. Qc4 b6 17. Bg5 Rf7 18. Rfc1 Bb7 19. e4 h6 20. Bd2 fxe4 21. dxe4 Qd7 22. Ne1 Rbf8 23. f3 g5 24. h3 Nh5 25. Kh2 Bc8 26. Qc6 Qd8 27. Qc4 Qf6 28. Qe2 Qg6 29. Rb2 Bf6 30. Rbc2 Bd8 31. Qe3 Kh7 32. Qe2 Rg8 33. Qe3 Nf6 34. Rc4 Nh5 35. R4c2 Nf4 36. gxf4 gxf4 37. Qf2 Qh5 38. Rc3 Rgg7 39. R3c2 Bh4 40. Qf1 Bg3+ 41. Kh1 Qh4 42. Bb4 Bd7 43. Rd2 Bxe1 44. Qxe1 Rg3 45. Qf1 Rfg7 46. Rcc2 Bxh3 47. Bxh3 Rxh3+ 48. Rh2 Rxh2+ 49. Rxh2 Qe7 50. Rg2 Qh4+ 51. Rh2 Qe7 52. Rg2 Rg3 53. Rxg3 fxg3 54. Qh3 Qg5 55. Qf5+ Qxf5 56. exf5 Kg7 57. Bd2 Kf6 58. Bxh6 Kxf5 59. Be3 e4 60. f4 Kg6 61. Kg2 Kf6 62. Kxg3 Kf5 63. Bd4 e3 64. Kf3 e2 65. Bc3 c6 66. bxc6 1-0

[Event "RUS-ch Blitz Women 2018"]
[Site "Sochi"]
[Date "2018.10.07"]
[Round "4"]
[White "Kabanova, Ekaterina"]
[Black "Shuvalova, Polina"]
[Result "0-1"]
[ECO "A15"]
[WhiteElo "2082"]
[BlackElo "2421"]
[Annotator "NA"]
[PlyCount "142"]
[EventDate "2018.10.07"]
[EventType "swiss"]
[EventCountry "RUS"]
[SourceTitle "playchess.com"]
[Source "ChessBase"]
[SourceQuality "1"]
[TimeControl "180+2"]

1. c4 Nf6 2. Nf3 e6 3. e3 d5 4. a3 Be7 5. Qc2 b6 6. Be2 Bb7 7. O-O O-O 8. b4 c5 9. b5 Nbd7 10. Bb2 Rc8 11. d3 h6 12. Nbd2 Re8 13. h3 Bd6 14. Rfe1 e5 15. cxd5 Nxd5 16. Nc4 Bb8 17. Rac1 Qe7 18. Ncd2 N5f6 19. e4 Nf8 20. Nc4 N6d7 21. Ne3 g6 22. Nc4 Rcd8 23. Nh2 Ne6 24. Ng4 h5 25. Ngxe5 Nxe5 26. Nxe5 Nf4 27. Nf3 Ne6 28. Qb3 Nd4 29. Bxd4 cxd4 30. Rc4 Qf6 31. Qb2 Bc8 32. Qd2 Be6 33. Rc6 Qe7 34. Qh6 Qf8 35. Qxf8+ Kxf8 36. Rec1 Bd7 37. R6c4 Bxb5 38. Rxd4 Bd6 39. a4 Ba6 40. Rc6 Ke7 41. e5 Bb8 42. Rxd8 Rxd8 43. Rc3 Bb7 44. Ne1 Bxe5 45. Rc1 Bf4 46. Rb1 Rd4 47. a5 Bc7 48. axb6 Bxb6 49. h4 Rxh4 50. Nf3 Rf4 51. Rc1 Ra4 52. Kh2 Ra2 53. Re1 Ba5 54. Rb1 Bd5 55. Nd4 Bb6 56. Bf3 Bxf3 57. Nxf3 Rxf2 58. Kg3 Re2 59. Rc1 Kd6 60. Rc8 Re7 61. Ra8 Bc7 62. Kf2 Kc6 63. Rc8 Kb7 64. Rf8 Bb6+ 65. Kg3 Kc6 66. d4 Bc7+ 67. Kf2 Kd5 68. Ra8 Bb6 69. Kg3 Kc4 70. Rc8+ Kd5 71. Ra8 Rd7 0-1

[Event "RUS-ch Blitz Women 2018"]
[Site "Sochi"]
[Date "2018.10.07"]
[Round "4"]
[White "Shaydullina, Sandugach"]
[Black "Ambartsumova, Karina"]
[Result "0-1"]
[ECO "A05"]
[WhiteElo "2033"]
[BlackElo "2379"]
[Annotator "NA"]
[PlyCount "154"]
[EventDate "2018.10.07"]
[EventType "swiss"]
[EventCountry "RUS"]
[SourceTitle "playchess.com"]
[Source "ChessBase"]
[SourceQuality "1"]
[TimeControl "180+2"]

1. Nf3 Nf6 2. c4 e6 3. b3 c5 4. Bb2 Be7 5. e3 Nc6 6. g3 b6 7. Bg2 Bb7 8. O-O O-O 9. Ne5 Qc7 10. f4 d6 11. Ng4 Nxg4 12. Qxg4 g6 13. h4 f5 14. Qh3 Bf6 15. Nc3 Nd8 16. Kf2 Bxg2 17. Qxg2 Qc6 18. Qh2 d5 19. Rh1 d4 20. Na4 dxe3+ 21. dxe3 Bxb2 22. Nxb2 Nf7 23. Qg2 Qxg2+ 24. Kxg2 Rfd8 25. Rad1 Kf8 26. h5 Ke7 27. hxg6 hxg6 28. Kf3 Kf6 29. g4 fxg4+ 30. Kxg4 e5 31. Kf3 exf4 32. exf4 Rxd1 33. Nxd1 Rd8 34. Ne3 Rd2 35. Nd5+ Kg7 36. Rg1 Rxa2 37. f5 g5 38. Re1 Rb2 39. Re3 Nh6 40. Ke4 g4 41. Ke5 Kf7 42. Kf4 Rf2+ 43. Kg5 Nxf5 44. Re5 Nd4 45. Re7+ Kf8 46. Rxa7 g3 47. Ra8+ Kf7 48. Ra7+ Ke6 49. Nf4+ Kd6 50. Rf7 g2 51. Rf6+ Kd7 52. Nh3 Rxf6 53. Kxf6 Nf3 54. Kf5 g1=Q 55. Nxg1 Nxg1 56. Ke4 Ne2 57. Kd5 Nc3+ 58. Ke5 Kc6 59. Ke6 Ne2 60. Ke5 Nc1 61. b4 cxb4 62. Kd4 b3 63. Kc3 Kc5 64. Kb2 Nd3+ 65. Kxb3 Ne5 66. Ka4 Nxc4 67. Kb3 b5 68. Kc3 b4+ 69. Kb3 Nb6 70. Kb2 Kc4 71. Kc2 b3+ 72. Kb2 Kb4 73. Kb1 Ka3 74. Ka1 Nd5 75. Kb1 b2 76. Kc2 Ka2 77. Kd3 b1=Q+ 0-1

[Event "RUS-ch Blitz Women 2018"]
[Site "Sochi"]
[Date "2018.10.07"]
[Round "5"]
[White "Bivol, Alina"]
[Black "Vinokur, Yuliya"]
[Result "0-1"]
[ECO "A04"]
[WhiteElo "2403"]
[BlackElo "2170"]
[Annotator "ChessBase"]
[PlyCount "86"]
[EventDate "2018.10.07"]
[EventType "swiss"]
[EventCountry "RUS"]
[SourceTitle "playchess.com"]
[Source "ChessBase"]
[SourceQuality "1"]
[TimeControl "180+2"]

1. Nf3 g6 2. g3 Bg7 3. d4 c5 4. dxc5 Na6 5. Bg2 Nxc5 6. O-O Nf6 7. c4 O-O 8. Nc3 d6 9. Nd4 Rb8 10. b3 a6 11. Bb2 Qc7 12. Rc1 Bd7 13. b4 Ne6 14. Nd5 Qd8 15. Nxe6 fxe6 16. Nc3 Bc6 17. Bh3 e5 18. b5 axb5 19. cxb5 Bd7 20. Bg2 Be6 21. Nd5 Kh8 22. Nb4 Qa5 23. a3 Qa7 24. e3 Rbc8 25. Qe2 Nd7 26. h3 Nc5 27. Nd5 Rf7 28. Rc2 Rcf8 29. e4 Bh6 30. Ne3 Qa5 31. Ng4 Bg7 32. Bc1 Bb3 33. Rd2 Qa4 34. Ne3 Nxe4 35. Rb2 Nc5 36. Bd5 Bxd5 37. Nxd5 e4 38. Rb4 Qa5 39. b6 Nd3 40. Qxe4 Nxf2 41. Qh4 Qxd5 42. Bf4 Ne4 43. Rb2 Qd4+ 0-1

[Event "RUS-ch Blitz Women 2018"]
[Site "Sochi"]
[Date "2018.10.07"]
[Round "5"]
[White "Vasilevich, Tatjana"]
[Black "Ambartsumova, Karina"]
[Result "1/2-1/2"]
[ECO "A55"]
[WhiteElo "2360"]
[BlackElo "2379"]
[Annotator "ChessBase"]
[PlyCount "207"]
[EventDate "2018.10.07"]
[EventType "swiss"]
[EventCountry "RUS"]
[SourceTitle "playchess.com"]
[Source "ChessBase"]
[SourceQuality "1"]
[TimeControl "180+2"]

1. d4 Nf6 2. c4 d6 3. Nc3 e5 4. Nf3 Nbd7 5. e4 Be7 6. Be2 O-O 7. O-O c6 8. Re1 Qe8 9. Bf1 Bd8 10. b4 Qe7 11. Bb2 Bc7 12. Qd2 Re8 13. a3 Nf8 14. d5 Bg4 15. Be2 Bxf3 16. Bxf3 Ng6 17. g3 a5 18. dxc6 bxc6 19. b5 cxb5 20. Nxb5 Nf8 21. Red1 Red8 22. a4 Ne6 23. Ba3 Nc5 24. Qc2 Rab8 25. Rd2 Ne8 26. Rad1 Bb6 27. Kg2 Rd7 28. Nc3 Nf6 29. Nb5 Ne8 30. Bg4 Rdd8 31. Bf3 g6 32. h4 h5 33. Rb1 Kg7 34. Qd1 Bc7 35. Bxc5 dxc5 36. Rbb2 Nf6 37. Rxd8 Rxd8 38. Rd2 Bb6 39. Rd6 Rxd6 40. Qxd6 Qxd6 41. Nxd6 Kf8 42. Kf1 Bc7 43. Nb5 Bb6 44. Ke2 Ke7 45. Kd3 Nd7 46. Nc3 Nf6 47. Bg2 Kd6 48. f3 Ke7 49. Bh3 Bc7 50. Nd5+ Nxd5 51. cxd5 Kd6 52. Kc4 Bd8 53. Kb5 Bc7 54. Bf1 Bd8 55. Bc4 g5 56. hxg5 Bc7 57. Ka6 Bd8 58. Kb7 Bxg5 59. Kc8 h4 60. gxh4 Bxh4 61. Kb7 Be1 62. Kc8 Bh4 63. Bb5 Bg5 64. Bc4 Bh4 65. Kb7 Be1 66. Kb6 Bd2 67. Kb5 Be1 68. Bf1 Bd2 69. Bh3 Be1 70. Bg4 Bd2 71. Bh5 f6 72. Bg4 Be1 73. Bh3 Bd2 74. Bf1 Be1 75. Bc4 Bd2 76. Ka6 Be1 77. Kb7 Bd2 78. Kc8 Be1 79. Kd8 Bd2 80. Ke8 Be1 81. Kf7 Bh4 82. Kg6 Ke7 83. Kf5 Bg5 84. Bb5 Kd6 85. Bc4 Ke7 86. Kg4 Kd6 87. Kh3 Ke7 88. Kg2 Kd6 89. Kf2 Ke7 90. Ke2 Kd6 91. Kd3 Kc7 92. Kc3 Bh4 93. Be2 Kd6 94. Kc4 Be1 95. Kb5 Bd2 96. Kb6 Be1 97. Kb7 Bd2 98. Bc4 Be1 99. Kc8 Bd2 100. Kd8 Bg5 101. Ke8 Bh4 102. Kf7 Bg5 103. Kg6 Ke7 104. Kf5 1/2-1/2

[Event "RUS-ch Blitz Women 2018"]
[Site "Sochi"]
[Date "2018.10.07"]
[Round "5"]
[White "Charochkina, Daria"]
[Black "Nebolsina, Vera"]
[Result "1-0"]
[ECO "D85"]
[WhiteElo "2344"]
[BlackElo "2220"]
[Annotator "ChessBase"]
[PlyCount "95"]
[EventDate "2018.10.07"]
[EventType "swiss"]
[EventCountry "RUS"]
[SourceTitle "playchess.com"]
[Source "ChessBase"]
[SourceQuality "1"]
[TimeControl "180+2"]

1. d4 Nf6 2. c4 g6 3. Nc3 d5 4. cxd5 Nxd5 5. g3 Bg7 6. Bg2 Nb6 7. Nf3 O-O 8. O-O Nc6 9. e3 Re8 10. a3 e5 11. d5 Na5 12. Qc2 Nac4 13. b3 Nd6 14. e4 h6 15. Nh4 Bd7 16. Be3 Rc8 17. a4 c6 18. a5 Na8 19. Qd2 g5 20. Nf3 cxd5 21. exd5 Nc7 22. Bxa7 Ncb5 23. Bb6 Qf6 24. Nxb5 Nxb5 25. Rac1 e4 26. Rxc8 Rxc8 27. Ne1 Qg6 28. Qb4 f5 29. Qe7 Qe8 30. Qxe8+ Rxe8 31. f4 g4 32. Nc2 Rc8 33. Ne3 Rc3 34. h3 h5 35. hxg4 hxg4 36. Nc4 Rxb3 37. Ne5 Be8 38. Rc1 Rc3 39. Rxc3 Nxc3 40. d6 Bxe5 41. fxe5 Bd7 42. Bf1 Be6 43. Bd4 Nd5 44. Bb5 Kf7 45. Kf2 Nb4 46. Bb6 Nc6 47. a6 Bd7 48. Bxc6 1-0

[Event "RUS-ch Blitz Women 2018"]
[Site "Sochi"]
[Date "2018.10.07"]
[Round "5"]
[White "Dordzhieva, Dinara"]
[Black "Goltseva, Ekaterina"]
[Result "1-0"]
[ECO "A06"]
[WhiteElo "2340"]
[BlackElo "2169"]
[Annotator "ChessBase"]
[PlyCount "67"]
[EventDate "2018.10.07"]
[EventType "swiss"]
[EventCountry "RUS"]
[SourceTitle "playchess.com"]
[Source "ChessBase"]
[SourceQuality "1"]
[TimeControl "180+2"]

1. Nf3 d5 2. g3 Nf6 3. Bg2 b5 4. b3 Bb7 5. O-O e6 6. c4 bxc4 7. bxc4 dxc4 8. Na3 Bd5 9. Qc2 Be7 10. Nxc4 O-O 11. d3 c5 12. Bb2 Nc6 13. a3 Rb8 14. Rab1 Na5 15. Ne3 Bb3 16. Qc3 Ba2 17. Ra1 Bd5 18. Nxd5 exd5 19. Rab1 Qb6 20. Qc2 Qe6 21. Be5 Rxb1 22. Rxb1 Nc6 23. Bc3 Rb8 24. Rxb8+ Nxb8 25. h3 Qb6 26. Qa4 Nc6 27. Ne5 Nxe5 28. Bxe5 h6 29. Bxf6 Bxf6 30. Bxd5 Bd4 31. Qe8+ Kh7 32. Qxf7 Qb1+ 33. Kg2 Qb8 34. Be4+ 1-0

[Event "RUS-ch Blitz Women 2018"]
[Site "Sochi"]
[Date "2018.10.07"]
[Round "5"]
[White "Tomilova, Elena"]
[Black "Sirotkina, Nina"]
[Result "1/2-1/2"]
[ECO "A45"]
[WhiteElo "2328"]
[BlackElo "2188"]
[Annotator "ChessBase"]
[PlyCount "90"]
[EventDate "2018.10.07"]
[EventType "swiss"]
[EventCountry "RUS"]
[SourceTitle "playchess.com"]
[Source "ChessBase"]
[SourceQuality "1"]
[TimeControl "180+2"]

1. d4 Nf6 2. Bg5 d5 3. e3 e6 4. Nd2 Be7 5. Bd3 O-O 6. f4 c5 7. c3 b6 8. Ngf3 Ba6 9. Bxa6 Nxa6 10. Qe2 Nc7 11. O-O Nce8 12. Ne5 Rc8 13. a4 Nd6 14. Bxf6 Bxf6 15. h3 Be7 16. Kh1 f6 17. Nef3 Qd7 18. e4 dxe4 19. Nxe4 Nf5 20. Rfd1 Qc6 21. Kh2 Rfd8 22. dxc5 bxc5 23. Nf2 Kf7 24. Ng4 Bd6 25. g3 Re8 26. Ne3 Nxe3 27. Qxe3 Rcd8 28. a5 Bc7 29. Re1 Rd5 30. Qe4 Qd7 31. Qxh7 Rd3 32. Qe4 Rd8 33. Re2 Qd5 34. Rae1 Rxf3 35. Qh7 Re8 36. h4 Rd3 37. h5 Rd2 38. Qg6+ Kf8 39. h6 Rxe2+ 40. Rxe2 gxh6 41. Qxf6+ Kg8 42. Qg6+ Kf8 43. Qf6+ Kg8 44. Qg6+ Kf8 45. Qf6+ Kg8 1/2-1/2

[Event "RUS-ch Blitz Women 2018"]
[Site "Sochi"]
[Date "2018.10.07"]
[Round "5"]
[White "Maletina, Tatiana"]
[Black "Styazhkina, Anna"]
[Result "1-0"]
[ECO "D11"]
[WhiteElo "2270"]
[BlackElo "2268"]
[Annotator "ChessBase"]
[PlyCount "61"]
[EventDate "2018.10.07"]
[EventType "swiss"]
[EventCountry "RUS"]
[SourceTitle "playchess.com"]
[Source "ChessBase"]
[SourceQuality "1"]
[TimeControl "180+2"]

1. d4 d5 2. c4 c6 3. Nf3 Nf6 4. Qc2 g6 5. Bf4 Bg7 6. e3 Bf5 7. Qb3 Qb6 8. Nc3 Nbd7 9. h3 O-O 10. Be2 Qxb3 11. axb3 a6 12. O-O Rfe8 13. Bh2 h6 14. Rac1 e6 15. g4 Be4 16. Nd2 g5 17. Ndxe4 Nxe4 18. Nxe4 dxe4 19. Rfd1 e5 20. d5 Rad8 21. b4 Bf8 22. dxc6 bxc6 23. c5 Nb8 24. Rxd8 Rxd8 25. Bxe5 Rd2 26. Bf1 Nd7 27. Bc3 Rd5 28. Bc4 Nb8 29. Bxd5 cxd5 30. Rd1 Nc6 31. Rxd5 1-0

[Event "RUS-ch Blitz Women 2018"]
[Site "Sochi"]
[Date "2018.10.07"]
[Round "5"]
[White "Baraeva, Marina"]
[Black "Voit, Daria"]
[Result "0-1"]
[ECO "E35"]
[WhiteElo "2227"]
[BlackElo "2352"]
[Annotator "ChessBase"]
[PlyCount "64"]
[EventDate "2018.10.07"]
[EventType "swiss"]
[EventCountry "RUS"]
[SourceTitle "playchess.com"]
[Source "ChessBase"]
[SourceQuality "1"]
[TimeControl "180+2"]

1. d4 Nf6 2. c4 e6 3. Nc3 Bb4 4. Qc2 d5 5. cxd5 exd5 6. Bg5 h6 7. Bh4 g5 8. Bg3 Ne4 9. e3 h5 10. f3 Nxg3 11. hxg3 Qe7 12. Qd3 c6 13. O-O-O Be6 14. Nge2 Nd7 15. e4 dxe4 16. fxe4 O-O-O 17. Qc2 Bg4 18. Kb1 Rhe8 19. Rd2 Nb6 20. a3 Bxa3 21. bxa3 Nc4 22. Qa2 Nxd2+ 23. Qxd2 Qxa3 24. Nc1 Qb4+ 25. Kc2 Rxd4 26. Qxg5 Red8 27. Bd3 a5 28. Qe3 a4 29. N1a2 Qb3+ 30. Kd2 Rxd3+ 31. Qxd3 Rxd3+ 32. Kxd3 b5 0-1

[Event "RUS-ch Blitz Women 2018"]
[Site "Sochi"]
[Date "2018.10.07"]
[Round "5"]
[White "Lysenko, Margarita"]
[Black "Maltsevskaya, Aleksandra"]
[Result "1/2-1/2"]
[ECO "A15"]
[WhiteElo "2210"]
[BlackElo "2290"]
[Annotator "NA"]
[PlyCount "209"]
[EventDate "2018.10.07"]
[EventType "swiss"]
[EventCountry "RUS"]
[SourceTitle "playchess.com"]
[Source "ChessBase"]
[SourceQuality "1"]
[TimeControl "180+2"]

1. c4 Nf6 2. Nf3 g6 3. g3 Bg7 4. Bg2 d6 5. O-O O-O 6. Nc3 e5 7. d3 Nc6 8. Bg5 h6 9. Bd2 Kh7 10. Rb1 a5 11. a3 Ne8 12. b4 axb4 13. axb4 f5 14. b5 Ne7 15. Ne1 Rb8 16. Nc2 f4 17. Nb4 Nf6 18. Qc2 fxg3 19. hxg3 Nf5 20. Nbd5 Nxd5 21. cxd5 b6 22. e3 h5 23. Ne4 Rf7 24. Qd1 Bb7 25. Qe2 Qe7 26. Rbc1 Rbf8 27. g4 hxg4 28. Qxg4 Bh6 29. Bh3 Nh4 30. f4 exf4 31. exf4 Bc8 32. Qg3 Nf5 33. Bxf5 Bxf5 34. Rce1 Qd7 35. Ng5+ Bxg5 36. fxg5 Kg8 37. Bc3 Qxb5 38. Qh4 Rh7 39. Qd4 Qc5 40. Qxc5 bxc5 41. Rf3 Rh4 42. Rfe3 Rg4+ 43. Kh2 Rxg5 44. Re7 Rh5+ 45. Kg2 Rg5+ 46. Kh2 Rh5+ 47. Kg2 Rg5+ 48. Kh2 Rh5+ 49. Kg2 Rh7 50. Rxh7 Kxh7 51. Re7+ Kg8 52. Rg7+ Kh8 53. Rxc7+ Kg8 54. Rg7+ Kh8 55. Rc7+ Kg8 56. Rg7+ Kh8 57. Rc7+ Kg8 58. Rg7+ Kh8 59. Rxg6+ Kh7 60. Rxd6 Bxd3 61. Rd7+ Kg6 62. Rc7 c4 63. d6 Be4+ 64. Kg1 Rd8 65. Rxc4 Bd5 66. Rd4 Rxd6 67. Bb4 Rd7 68. Bc5 Kf5 69. Rd2 Rg7+ 70. Kf2 Ke6 71. Re2+ Kf5 72. Bd4 Rg2+ 73. Ke3 Rg4 74. Rf2+ Ke6 75. Rf6+ Kd7 76. Rh6 Re4+ 77. Kd3 Rg4 78. Kc3 Be6 79. Rf6 Kd6 80. Rf2 Rg3+ 81. Kd2 Kd5 82. Be3 Rg4 83. Rf4 Rg2+ 84. Rf2 Rg7 85. Rf4 Rb7 86. Rd4+ Ke5 87. Rh4 Bf5 88. Rd4 Rb2+ 89. Ke1 Be4 90. Rd2 Rb3 91. Bd4+ Kf4 92. Ba7 Bd3 93. Rf2+ Ke4 94. Rf8 Bc4 95. Re8+ Kd3 96. Rd8+ Kc2 97. Rd2+ Kc1 98. Rd4 Bd3 99. Bc5 Kc2 100. Rd8 Rb5 101. Be3 Rf5 102. Rc8+ Kb3 103. Kd2 Bb5 104. Rc5 Rxc5 105. Bxc5 1/2-1/2

[Event "RUS-ch Blitz Women 2018"]
[Site "Sochi"]
[Date "2018.10.07"]
[Round "5"]
[White "Markelova, Lubov"]
[Black "Kovanova, Baira"]
[Result "1-0"]
[ECO "A17"]
[WhiteElo "2190"]
[BlackElo "2350"]
[Annotator "ChessBase"]
[PlyCount "85"]
[EventDate "2018.10.07"]
[EventType "swiss"]
[EventCountry "RUS"]
[SourceTitle "playchess.com"]
[Source "ChessBase"]
[SourceQuality "1"]
[TimeControl "180+2"]

1. Nf3 Nf6 2. c4 e6 3. Nc3 b6 4. g3 Bb7 5. Bg2 Be7 6. O-O O-O 7. Re1 d5 8. cxd5 exd5 9. d4 Nbd7 10. Bf4 Nh5 11. Ne5 Nxe5 12. Bxe5 f6 13. Bf4 Nxf4 14. gxf4 Kh8 15. e3 c6 16. Qh5 Qe8 17. Qf3 Qg6 18. Qg3 Qh6 19. Qh3 Qxh3 20. Bxh3 Rad8 21. Rac1 Bd6 22. Ne2 g6 23. a3 Kg7 24. Rc3 c5 25. dxc5 bxc5 26. Bg2 Rfe8 27. b4 cxb4 28. axb4 Bxb4 29. Rc7+ Re7 30. Rxe7+ Bxe7 31. Nd4 Kf7 32. Rb1 Rd7 33. Rxb7 Rxb7 34. Bxd5+ Kg7 35. Bxb7 a5 36. Bc6 f5 37. Kf1 Kf6 38. Ke2 Bb4 39. Kd3 Be1 40. f3 g5 41. fxg5+ Kxg5 42. Bd7 f4 43. Ne6+ 1-0

[Event "RUS-ch Blitz Women 2018"]
[Site "Sochi"]
[Date "2018.10.07"]
[Round "5"]
[White "Ivanova, Karina"]
[Black "Chernyak, Viktoria"]
[Result "1-0"]
[ECO "A06"]
[WhiteElo "2124"]
[BlackElo "2200"]
[Annotator "ChessBase"]
[PlyCount "56"]
[EventDate "2018.10.07"]
[EventType "swiss"]
[EventCountry "RUS"]
[SourceTitle "playchess.com"]
[Source "ChessBase"]
[SourceQuality "1"]
[TimeControl "180+2"]

1. Nf3 d5 2. g3 Nf6 3. Bg2 c6 4. O-O Bf5 5. c4 h6 6. d3 e6 7. cxd5 cxd5 8. Nd4 Bh7 9. Nc3 Nc6 10. Qa4 Qd7 11. Bd2 Be7 12. Rac1 O-O 13. Nxc6 bxc6 14. Rfd1 Rab8 15. Qc2 Rfc8 16. e4 Qb7 17. b3 Qa6 18. Bf4 Ra8 19. Na4 Nd7 20. Qe2 Qb5 21. Nc3 Qa5 22. exd5 cxd5 23. Nxd5 Ba3 24. b4 Qa4 25. Ne7+ Kf8 26. Rxc8+ Rxc8 27. Nxc8 Qxb4 28. Bd6+ Ke8 1-0

[Event "RUS-ch Blitz Women 2018"]
[Site "Sochi"]
[Date "2018.10.07"]
[Round "6"]
[White "Ambartsumova, Karina"]
[Black "Vasilevich, Tatjana"]
[Result "1-0"]
[ECO "B47"]
[WhiteElo "2379"]
[BlackElo "2360"]
[Annotator "NA"]
[PlyCount "77"]
[EventDate "2018.10.07"]
[EventType "swiss"]
[EventCountry "RUS"]
[SourceTitle "playchess.com"]
[Source "ChessBase"]
[SourceQuality "1"]
[TimeControl "180+2"]

1. e4 c5 2. Nf3 e6 3. d4 cxd4 4. Nxd4 Nc6 5. Nc3 Qc7 6. Be2 a6 7. O-O Nf6 8. Be3 Bb4 9. Nxc6 bxc6 10. f4 Bxc3 11. bxc3 Nxe4 12. Qd4 Nf6 13. f5 e5 14. Qh4 d6 15. Bg5 Nd5 16. f6 g6 17. c4 Qa7+ 18. Kh1 Ne3 19. Rfc1 h6 20. Bxe3 Qxe3 21. Bf3 Bd7 22. Rd1 Qc5 23. Rab1 g5 24. Qe4 O-O 25. Rb3 Be6 26. Be2 Rab8 27. h4 Rxb3 28. cxb3 Qf2 29. Rxd6 Qe1+ 30. Kh2 g4 31. Rd3 Qxh4+ 32. Kg1 Qe1+ 33. Kh2 Qh4+ 34. Kg1 Qxf6 35. Bxg4 Kh8 36. Rf3 Qg7 37. Bxe6 Rg8 38. Rxf7 Qg5 39. Qh7# 1-0

[Event "RUS-ch Blitz Women 2018"]
[Site "Sochi"]
[Date "2018.10.07"]
[Round "6"]
[White "Voit, Daria"]
[Black "Baraeva, Marina"]
[Result "1-0"]
[ECO "D10"]
[WhiteElo "2352"]
[BlackElo "2227"]
[Annotator "NA"]
[PlyCount "97"]
[EventDate "2018.10.07"]
[EventType "swiss"]
[EventCountry "RUS"]
[SourceTitle "playchess.com"]
[Source "ChessBase"]
[SourceQuality "1"]
[TimeControl "180+2"]

1. d4 d5 2. c4 c6 3. Nc3 Nf6 4. e3 g6 5. Nf3 Bg7 6. Bd3 O-O 7. O-O dxc4 8. Bxc4 Bg4 9. h3 Bxf3 10. Qxf3 Nbd7 11. Rd1 Qc7 12. Bd2 e5 13. d5 Nb6 14. Bb3 cxd5 15. Nxd5 Nfxd5 16. Bxd5 Nxd5 17. Qxd5 Rfd8 18. Qb3 e4 19. Bb4 Rxd1+ 20. Rxd1 Rd8 21. Rxd8+ Qxd8 22. Qc2 b6 23. b3 Qe8 24. Qc7 Qa8 25. g3 h5 26. Kg2 Bf6 27. Bd6 Kg7 28. Bb4 Bd8 29. Qd6 Bf6 30. a4 Qb7 31. Qf8+ Kh7 32. Qd6 Kg7 33. Ba3 Qc8 34. Qd5 Qe8 35. Qb7 Qe6 36. Qxa7 Qxb3 37. Bd6 Qd1 38. Qxb6 Qf3+ 39. Kg1 Qd1+ 40. Kh2 Qe2 41. Bf8+ Kxf8 42. Qxf6 Qc2 43. a5 Qa2 44. a6 Kg8 45. Kg2 Kf8 46. Qd6+ Kg8 47. Qb8+ Kg7 48. a7 Qe2 49. Qe5+ 1-0

[Event "RUS-ch Blitz Women 2018"]
[Site "Sochi"]
[Date "2018.10.07"]
[Round "6"]
[White "Kovanova, Baira"]
[Black "Markelova, Lubov"]
[Result "1-0"]
[ECO "A11"]
[WhiteElo "2350"]
[BlackElo "2190"]
[Annotator "NA"]
[PlyCount "85"]
[EventDate "2018.10.07"]
[EventType "swiss"]
[EventCountry "RUS"]
[SourceTitle "playchess.com"]
[Source "ChessBase"]
[SourceQuality "1"]
[TimeControl "180+2"]

1. c4 c6 2. Nc3 d5 3. e3 Nf6 4. Nf3 e6 5. b3 Be7 6. Be2 O-O 7. Bb2 c5 8. cxd5 exd5 9. d4 Nc6 10. dxc5 Bxc5 11. O-O Bg4 12. h3 Bh5 13. Rc1 Bd6 14. Nb5 Bb8 15. Bxf6 Qxf6 16. Qxd5 Bg6 17. Nfd4 Nxd4 18. Nxd4 Be5 19. Nf3 Bb2 20. Rc7 b6 21. Rd7 Bf5 22. Rd6 Be6 23. Qg5 Rfd8 24. Qxf6 Bxf6 25. Rxd8+ Rxd8 26. Rc1 Bd5 27. Nd4 Be4 28. f3 Bxd4 29. exd4 Bg6 30. Rc7 Bb1 31. Rxa7 h6 32. Bc4 Rxd4 33. Bxf7+ Kf8 34. Bc4 Rd2 35. Rf7+ Ke8 36. Rxg7 Bxa2 37. Rg6 Rd1+ 38. Kh2 Rb1 39. Rxb6 h5 40. Rh6 Bxb3 41. Bxb3 Rxb3 42. Rxh5 Kf7 43. Ra5 1-0

[Event "RUS-ch Blitz Women 2018"]
[Site "Sochi"]
[Date "2018.10.07"]
[Round "6"]
[White "Maltsevskaya, Aleksandra"]
[Black "Lysenko, Margarita"]
[Result "0-1"]
[ECO "A25"]
[WhiteElo "2290"]
[BlackElo "2210"]
[Annotator "NA"]
[PlyCount "112"]
[EventDate "2018.10.07"]
[EventType "swiss"]
[EventCountry "RUS"]
[SourceTitle "playchess.com"]
[Source "ChessBase"]
[SourceQuality "1"]
[TimeControl "180+2"]

1. c4 e5 2. Nc3 Nc6 3. g3 g6 4. Bg2 Bg7 5. e4 Nge7 6. Nge2 O-O 7. d3 a6 8. O-O Rb8 9. c5 d6 10. cxd6 Qxd6 11. a4 Be6 12. b3 Rfd8 13. Ba3 Qxd3 14. Qc1 Qd7 15. Nd5 Nxd5 16. exd5 Bxd5 17. Rd1 Qe6 18. Qe3 Bxb3 19. Rxd8+ Rxd8 20. h4 Bd5 21. Bf1 Nd4 22. Nxd4 exd4 23. Qxe6 fxe6 24. Rc1 Rd7 25. a5 Kf7 26. Bc5 e5 27. Rd1 Be6 28. Bg2 c6 29. Bf1 h5 30. Bd3 Bd5 31. Re1 Bf6 32. Kh2 Be6 33. f4 exf4 34. gxf4 Bf5 35. Bc4+ Kg7 36. Re8 d3 37. Bf8+ Kh7 38. Bb4 d2 39. Bg8+ Kg7 40. Bb3 d1=Q 41. Bxd1 Rxd1 42. Rb8 Rd7 43. Bf8+ Kf7 44. Bc5 Be7 45. Bd4 Bd6 46. Rh8 Bxf4+ 47. Kg2 Rxd4 48. Rh7+ Kf6 49. Rxb7 Be4+ 50. Kf2 Rd2+ 51. Ke1 Ra2 52. Rb4 Kf5 53. Rb7 Be3 54. Rf7+ Kg4 55. Re7 Kf3 56. Rf7+ Bf4 0-1

[Event "RUS-ch Blitz Women 2018"]
[Site "Sochi"]
[Date "2018.10.07"]
[Round "6"]
[White "Styazhkina, Anna"]
[Black "Maletina, Tatiana"]
[Result "0-1"]
[ECO "C11"]
[WhiteElo "2268"]
[BlackElo "2270"]
[Annotator "NA"]
[PlyCount "84"]
[EventDate "2018.10.07"]
[EventType "swiss"]
[EventCountry "RUS"]
[SourceTitle "playchess.com"]
[Source "ChessBase"]
[SourceQuality "1"]
[TimeControl "180+2"]

1. e4 e6 2. Nf3 d5 3. Nc3 Nf6 4. e5 Nfd7 5. Ne2 c5 6. c3 Nc6 7. d4 Qb6 8. a3 c4 9. Nf4 Na5 10. h4 Qc7 11. Be2 Nb6 12. Nd2 Bd7 13. a4 O-O-O 14. O-O f6 15. Bg4 f5 16. Be2 Be7 17. h5 Rdg8 18. b4 cxb3 19. Nxb3 Nbc4 20. Nxa5 Nxa5 21. Bb5 g5 22. Nd3 Kb8 23. Rb1 Bxb5 24. axb5 Nc4 25. Nb4 g4 26. Qa4 Bxb4 27. Rxb4 g3 28. f3 Rc8 29. Bf4 Rhg8 30. Ra1 b6 31. Qc2 Qf7 32. Rba4 Rc7 33. Qa2 Qxh5 34. Bxg3 Qf7 35. Bf2 f4 36. Qc2 Qg7 37. Bh4 Ne3 38. Qe2 Qxg2+ 39. Qxg2 Rxg2+ 40. Kh1 Rcg7 41. Bf6 R7g6 42. Bd8 Rh6+ 0-1

[Event "RUS-ch Blitz Women 2018"]
[Site "Sochi"]
[Date "2018.10.07"]
[Round "6"]
[White "Nebolsina, Vera"]
[Black "Charochkina, Daria"]
[Result "0-1"]
[ECO "A06"]
[WhiteElo "2220"]
[BlackElo "2344"]
[Annotator "NA"]
[PlyCount "64"]
[EventDate "2018.10.07"]
[EventType "swiss"]
[EventCountry "RUS"]
[SourceTitle "playchess.com"]
[Source "ChessBase"]
[SourceQuality "1"]
[TimeControl "180+2"]

1. Nf3 d5 2. g3 Bg4 3. Bg2 Nd7 4. d4 Ngf6 5. O-O e6 6. b3 Bd6 7. Bb2 O-O 8. c4 c6 9. Nbd2 a5 10. a3 Qe7 11. Re1 h6 12. Ne5 Bh5 13. Qc2 Rfe8 14. e4 dxe4 15. Nxe4 Bxe5 16. dxe5 Nxe4 17. Qxe4 Nc5 18. Qe3 Rad8 19. Be4 Nxe4 20. Qxe4 Bg6 21. Qe2 Rd3 22. Red1 Rxb3 23. Rd6 Qg5 24. Bd4 Bd3 25. Qd1 Bxc4 26. Rc1 Rd3 27. Qc2 Ba6 28. Be3 Qf5 29. Qb2 Qe4 30. Rd1 Rxd1+ 31. Rxd1 Qf3 32. Qc2 Bc4 0-1